Map: Rifts to Korhal

Players

NamroodTuo

  • Race: Zerg Zerg

Dizz

  • Race: Terran Terran
  • Spawn Location: 7:00

VOD

Have the link to the VOD?

Description

Time

  • Played on: Jan. 10, 2023, 12:06 p.m.
  • Length: 25:04
Show
View Real Time Build Order
Export as new Build Order

NamroodTuo Zerg 

Build Orders:  

Get SALT Encoding   

  12  0:19  Infested Barracks  
  12  0:26  Infested SCV  
  13  0:39  Infested SCV  
  14  0:47  Overlord  
  14  1:04  Infested SCV  
  15  1:16  Infested SCV  
  15  1:17  Infested SCV x2  
  18  1:34  Infestation Level 1  
  18  1:36  Infested Marine  
  18  1:37  Infested Marine  
  20  1:46  Infested Marine  
  20  1:48  Infested Marine  
  22  1:54  Overlord  
  22  1:58  Infested SCV  
  23  2:14  Infested Engineering Bay  
  23  2:16  Overlord  
  23  2:21  Infested SCV  
  23  2:25  Infested SCV  
  25  2:34  Infested Marine  
  25  2:37  Infested Marine  
  27  2:43  Infested SCV  
  22  3:30  Infested SCV x2  
  22  3:31  Infested SCV  
  25  3:40  Infested Refinery  
  25  3:43  Infested Refinery  
  25  4:01  Infested Bunker  
  29  4:39  Infested SCV x3  
  32  4:40  Infested SCV  
  32  4:45  Infested Barracks Tech Lab  
  33  4:59  Regenerative Plating  
  33  5:16  Infested Bunker  
  37  5:24  Overlord x3  
  37  5:36  Anaerobic Enhancement  
  37  5:59  Stukov Infantry Weapons Level 1  
  37  6:02  Infested Bunker  
  41  6:25  Infested Marine  
  41  6:26  Infested Marine  
  47  6:41  Infested Bunker  
  47  7:13  Infested Barracks  
  47  7:14  Infested SCV  
  47  7:15  Infested SCV  
  47  7:16  Infested SCV  
  47  7:17  Overlord  
  47  7:18  Overlord  
  50  7:44  Infestation Level 2  
  50  7:51  Retinal Augmentation  
  50  8:10  Infested Barracks  
  48  8:34  Infested Factory  
  48  8:39  Stukov Infantry Armor Level 1  
  48  8:50  Infested Marine  
  48  8:51  Infested Marine x2  
  51  9:00  Infested Marine  
  51  9:01  Infested Marine x3  
  59  9:39  Infested Bunker  
  54  10:17  Infested Marine  
  54  10:18  Infested Marine x13  
  54  10:19  Infested Marine x8  
  76  10:34  Infested Barracks  
  75  10:45  Plagued Munitions  
  78  10:52  Infested Bunker  
  78  10:53  Broodling Gestation  
  78  11:12  Infested Armory  
  78  11:15  Infested Marine  
  78  11:19  Stukov Infantry Weapons Level 2  
  79  11:26  Overlord  
  78  11:55  Infested Command Center  
  78  12:07  Infested Marine x2  
  78  12:08  Infested Marine x5  
  78  12:09  Infested Marine x2  
  65  12:27  Infested Marine x6  
  65  12:28  Infested Marine x7  
  78  12:50  Infested Marine  
  78  12:51  Infested Marine x7  
  81  13:35  Infestation Level 3  
  81  13:43  Infested SCV x3  
  75  14:05  Infested Marine x7  
  75  14:06  Infested Marine x13  
  87  14:29  Calcified Armor  
  59  15:29  Stukov Infantry Armor Level 2  
  59  15:32  Infested SCV x2  
  59  15:33  Infested SCV x3  
  68  15:42  Infested Bunker  
  68  15:49  Infested Bunker  
  72  16:12  Infested Marine  
  72  16:13  Infested Marine x15  
  72  16:14  Infested Marine x12  
  100  16:25  Overlord x4  
  100  16:26  Overlord x2  
  100  16:28  Infested SCV  
  101  16:30  Infested SCV  
  102  16:50  Infested Marine x8  
  102  16:51  Infested Marine  
  102  16:52  Infested Marine x8  
  119  17:27  Infested Bunker  
  120  17:35  Infested Marine x5  
  120  17:36  Infested Marine x9  
  109  18:04  Infested Marine  
  109  18:05  Infested Marine x7  
  109  18:06  Infested Marine x22  
  109  18:07  Infested Marine x12  
  109  18:08  Infested Marine  
  135  18:35  Infested Marine  
  135  18:36  Infested Marine x16  
  135  18:37  Infested Marine  
  135  18:39  Stukov Infantry Weapons Level 3  
  146  18:42  Overlord  
  146  18:43  Overlord x2  
  146  19:06  Infested Bunker  
  147  19:32  Infested Marine  
  147  19:33  Infested Marine x8  
  147  19:34  Infested Marine x6, Infested Bunker  
  162  19:49  Infested Marine  
  163  19:50  Infested Marine x12  
  132  20:11  Infested Marine  
  132  20:12  Infested Marine x9  
  132  20:15  Overlord x2  
  141  20:27  Infested Marine  
  141  20:28  Infested Marine x7  
  141  20:29  Infested Marine x7  
  139  20:38  Infested Marine x5  
  139  20:39  Infested Marine x13  
  157  20:44  Infested Marine  
  157  20:45  Infested Marine x7  
  165  20:57  Infested Marine  
  165  20:58  Infested Marine x9  
  165  20:59  Infested Marine x9  
  162  21:32  Infested Marine  
  162  21:33  Infested Marine x9  
  162  21:34  Infested Marine x19  
  176  21:50  Infested Marine  
  176  21:51  Infested Marine x7  
  176  21:52  Infested Marine x6  
  146  22:47  Infested Marine x3  
  146  22:48  Infested Marine x16  
  146  22:49  Infested Marine  
  144  23:04  Infested Marine  
  144  23:05  Infested Marine x10  
  144  23:06  Infested Marine x17  
  144  23:07  Infested Marine x18  
  165  23:21  Infested Marine x4  
  165  23:22  Infested Marine x8  
  164  23:40  Infested Marine  
  164  23:41  Infested Marine x14  
  179  23:51  Infested Marine  
  179  23:52  Infested Marine x8  
Show
View Real Time Build Order
Export as new Build Order

Dizz Terran 

Build Orders:  

Get SALT Encoding   

  12  0:03  SCV  
  13  0:23  Supply Depot  
  13  0:25  SCV  
  14  0:42  SCV  
  15  0:57  Barracks  
  15  0:58  SCV  
  16  1:04  Refinery  
  16  1:15  SCV  
  17  1:32  SCV  
  17  1:33  Supply Depot  
  17  1:35  Marine  
  19  1:49  Marine, SCV  
  21  2:01  Marine  
  21  2:06  SCV  
  23  2:13  Barracks  
  23  2:15  Marine  
  24  2:27  Refinery  
  24  2:33  Orbital Command  
  24  2:41  Marine  
  25  2:52  Supply Depot  
  24  3:25  Barracks Tech Lab  
  24  3:26  Barracks Reactor  
  24  3:31  Factory  
  24  3:34  SCV  
  25  3:52  SCV, Medic  
  28  4:07  Medic  
  30  4:17  Marine x2  
  30  4:19  Medic  
  34  4:46  Factory Tech Lab  
  34  4:47  Medic  
  34  4:48  Marine x2  
  38  4:52  Supply Depot  
  38  4:59  SCV  
  39  5:22  SCV  
  39  5:26  Command Center  
  40  5:31  Marine  
  40  5:33  Marine  
  40  5:39  SCV  
  43  5:56  SCV  
  44  6:39  Siege Tank  
  47  6:53  Engineering Bay  
  47  6:56  Engineering Bay  
  47  7:00  Supply Depot  
  47  7:03  Supply Depot  
  47  7:06  Marine x2, Medic, SCV  
  47  7:07  SCV  
  53  7:21  Stabilizer Medpacks  
  53  7:23  Marine, SCV  
  53  7:24  Marine  
  56  7:43  Marine x2  
  56  7:44  Medic  
  60  7:52  Siege Tank  
  60  7:58  SCV, Siege Tank  
  60  7:59  SCV  
  65  8:12  Marine x2  
  65  8:15  Medic  
  69  8:37  Marine x2  
  69  8:38  Medic  
  69  8:39  Siege Tank  
  73  8:46  Terran Infantry Weapons Level 1  
  76  8:50  Terran Infantry Armor Level 1  
  76  9:11  Siege Tank x2  
  76  9:23  Unknown  
  76  9:48  Marine  
  76  9:49  Marine  
  78  10:13  Medic  
  78  10:17  Siege Tank  
  76  10:24  Barracks, SCV x2  
  76  10:28  Barracks  
  76  10:29  Supply Depot  
  72  10:32  Supply Depot  
  68  10:40  SCV  
  68  10:41  SCV, Siege Tank  
  66  10:55  Marine x2  
  66  10:59  Medic  
  70  11:02  Siege Tank, Supply Depot  
  70  11:04  Supply Depot  
  73  11:11  Medic  
  73  11:13  Unknown  
  75  11:29  Siege Tank x3  
  75  11:39  Barracks Reactor, Barracks Tech Lab  
  75  11:41  Siege Tank  
  75  11:42  Marine  
  75  11:43  Marine, Marauder  
  75  11:47  Concussive Shells  
  82  12:06  Supply Depot x2  
  82  12:14  Marine x2  
  82  12:15  Armory, Marine  
  85  12:20  Medic  
  85  12:28  Medic  
  89  12:38  Supply Depot  
  89  12:40  Supply Depot  
  89  12:54  Marine  
  89  12:55  Marine  
  89  12:56  Marine x2  
  89  12:57  Medic x2  
  97  13:07  Marine x2  
  97  13:08  Marine  
  97  13:09  Marine  
  101  13:23  Medic x2  
  101  13:24  Marine x4  
  109  13:37  SCV x2  
  111  13:41  Refinery  
  111  13:45  Refinery  
  111  13:54  SCV x2  
  113  14:05  Siege Tank x2  
  113  14:18  Siege Tank  
  113  14:26  Siege Tank  
  103  15:03  Siege Tank  
  103  15:04  Siege Tank  
  103  15:05  Siege Tank  
  95  15:36  Siege Tank  
  92  15:47  Marine x2  
  92  15:48  Marine, Medic  
  92  15:49  Medic  
  91  15:50  Marine  
  91  15:52  Siege Tank  
  91  15:59  Marine x2  
  90  16:00  Marine  
  90  16:01  Medic x2  
  90  16:02  Marine  
  98  16:13  Medic  
  98  16:15  Siege Tank  
  94  16:42  Marine  
  94  16:43  Marine x3  
  94  16:44  Medic x2  
  94  16:48  Terran Infantry Weapons Level 2, Terran Infantry Armor Level 2  
  102  16:56  Medic x2  
  102  16:58  Barracks  
  106  17:00  Barracks  
  106  17:01  SCV, Siege Tank x2  
  106  17:02  SCV  
  106  17:06  Barracks  
  106  17:07  Terran Vehicle and Ship Weapons Level 1  
  108  17:13  Medic x2  
  108  17:14  Marine x2  
  108  17:15  Marine x2  
  108  17:18  SCV  
  108  17:19  SCV  
  118  17:25  Marine, Medic  
  118  17:27  Marine x4  
  125  17:37  Marine  
  125  17:38  Marine  
  127  17:42  Marine x3  
  127  17:43  Marine  
  131  17:50  Marine x2  
  131  17:54  Marine x2  
  131  17:55  Marine x2  
  114  18:24  Marine  
  114  18:25  Marine  
  114  18:28  Barracks Reactor  
  114  18:29  Barracks Reactor  
  113  18:32  Barracks Tech Lab  
  113  18:33  Medic x2, Siege Tank x4  
  113  18:35  Marine x2  
  113  18:37  Marine x2  
  121  18:41  SCV x2  
  121  18:46  Medic x2  
  121  18:47  Marine x2  
  129  18:58  SCV x2  
  131  19:15  SCV  
  131  19:18  Medic  
  131  19:19  Medic x2  
  138  19:21  Marine x2  
  138  19:22  Marine x2  
  142  19:31  Supply Depot  
  142  19:35  Supply Depot  
  142  19:36  Supply Depot  
  142  19:54  Siege Tank  
  142  19:55  Siege Tank  
  142  20:00  Marine x6, Medic  
  142  20:04  Marine x2, Medic x2  
  155  20:17  Marine  
  156  20:37  Marine x2  
  156  20:38  Medic x2  
  156  20:39  Medic  
  164  20:40  Marine x2  
  164  20:43  Terran Infantry Weapons Level 3  
  164  20:45  Terran Infantry Armor Level 3  
  166  21:05  Marine x2  
  166  21:06  Marine  
  166  21:10  Marine x2  
  166  21:19  Marine x4  
  132  21:20  Marine x5  
  132  21:23  Marine x2  
  142  21:31  Marine  
  142  21:32  Marine x5  
  144  21:46  Medic  
  144  21:47  Medic x2  
  144  21:48  Marine  
  144  21:49  Marine x7  
  158  21:59  Marine x2, Medic  
  160  22:00  Marine  
  160  22:01  Marine  
  160  22:08  Marine x2  
  166  22:53  Marine  
  166  22:56  Marine  
  166  22:58  Marine  
  166  23:04  Marine  
  166  23:05  Marine  
  166  23:09  Marine  
  166  23:10  Marine  
  166  23:11  Medic  
  166  23:47  Marine  
  166  23:50  Marine x2  
  166  23:51  Marine  
  166  23:54  Marine  
  166  23:55  Marine  
  166  23:57  Marine x2  
  166  23:58  Marine x2  
  166  23:59  Marine  
  165  24:00  Medic  
  165  24:03  Marine  
  165  24:06  Marine x2  
  165  24:07  Marine x2  
  165  24:09  Marine  
  165  24:10  Marine  
  165  24:12  Marine  
  166  24:35  Marine x2  
Tags
 
Commander
RaynorStukov
Matchup
Co-op
Replay Pack
Multiplayer
Add a new tag
Caveats
  • Supply blocks, unpowered buildings, or Contaminate may cause inaccurate times.
  • Supply counts are checked every 10 seconds.